[Event "3. Open Bohumin 2020"]
[Site "Bohumin"]
[Date "2020.07.23"]
[Round "6.14"]
[White "Nytra, Ondrej"]
[Black "Petrov, Nikolaj"]
[Result "0-1"]
[ECO "B06"]
[WhiteElo "2150"]
[BlackElo "1743"]
[Annotator "ChessBase"]
[PlyCount "86"]
[EventDate "2020.07.18"]
[EventType "swiss"]
[EventCountry "CZE"]
[SourceTitle "playchess.com"]
[Source "ChessBase"]
[SourceQuality "1"]
[TimeControl "40/5400+30:900+30"]

1. e4 d6 2. d4 g6 3. Nc3 Bg7 4. f4 c6 5. Nf3 Bg4 6. Be3 Nd7 7. h3 Bxf3 8. Qxf3 e5 9. fxe5 dxe5 10. Bc4 Qe7 11. O-O Ngf6 12. d5 O-O 13. dxc6 bxc6 14. Bb3 Nc5 15. Bc4 Ne6 16. Rad1 Nd7 17. Kh1 Nb6 18. Bb3 Rac8 19. a4 Nd4 20. Bxd4 exd4 21. Ne2 c5 22. Ba2 Nxa4 23. Nf4 Nb6 24. Nd5 Qd7 25. Nf6+ Bxf6 26. Qxf6 Rc6 27. Qe5 Rc7 28. Rf6 Qe7 29. Qg5 Qxe4 30. Rdf1 c4 31. R1f4 Qe1+ 32. Kh2 Rd7 33. Rc6 Rd5 34. Qg4 Qe5 35. h4 h5 36. Qg3 Rc5 37. Rxc5 Qxc5 38. Rf6 Nd7 39. Ra6 Ne5 40. b3 Ng4+ 41. Kh1 Qb5 42. Rf6 Nxf6 43. bxc4 Qb2 0-1

[Event "3. Open Bohumin 2020"]
[Site "Bohumin"]
[Date "2020.07.23"]
[Round "6.15"]
[White "Trybus, Daniel"]
[Black "Grochol, Kamil"]
[Result "1-0"]
[ECO "B56"]
[WhiteElo "1950"]
[BlackElo "2023"]
[Annotator "ChessBase"]
[PlyCount "71"]
[EventDate "2020.07.18"]
[EventType "swiss"]
[EventCountry "CZE"]
[SourceTitle "playchess.com"]
[Source "ChessBase"]
[SourceQuality "1"]
[TimeControl "40/5400+30:900+30"]

1. e4 c5 2. Nf3 Nc6 3. d4 cxd4 4. Nxd4 Nf6 5. Nc3 d6 6. f3 e5 7. Nb3 Be7 8. Be3 O-O 9. Qd2 Be6 10. Nd5 Bxd5 11. exd5 Nb8 12. c4 Nbd7 13. g4 a5 14. O-O-O a4 15. Na1 Qa5 16. Nc2 Nc5 17. Na3 Rfc8 18. Qc2 Ne8 19. Kb1 Qd8 20. h4 b6 21. g5 Nc7 22. Bh3 N7a6 23. Bf5 g6 24. Bg4 Rc7 25. Qd2 Bf8 26. h5 Bg7 27. Rh3 Bh8 28. Rdh1 Re7 29. Nb5 Nc7 30. hxg6 fxg6 31. Bxc5 bxc5 32. Qh2 Nxb5 33. Rxh7 Na3+ 34. Kc1 Bg7 35. Rxg7+ Rxg7 36. Qh8+ 1-0

[Event "3. Open Bohumin 2020"]
[Site "Bohumin"]
[Date "2020.07.23"]
[Round "6.16"]
[White "Dziendziel, Mateusz"]
[Black "Lojek, Marek"]
[Result "0-1"]
[ECO "B00"]
[WhiteElo "1768"]
[BlackElo "2203"]
[Annotator "ChessBase"]
[PlyCount "68"]
[EventDate "2020.07.18"]
[EventType "swiss"]
[EventCountry "CZE"]
[SourceTitle "playchess.com"]
[Source "ChessBase"]
[SourceQuality "1"]
[TimeControl "40/5400+30:900+30"]

1. e4 b6 2. g3 Bb7 3. Bg2 e6 4. d3 Nf6 5. Nc3 Be7 6. Nh3 d5 7. O-O O-O 8. exd5 Nxd5 9. Ne2 Qc8 10. d4 Rd8 11. c4 Nf6 12. Qc2 Bxg2 13. Kxg2 Qb7+ 14. f3 Nbd7 15. Nf2 a5 16. b3 c5 17. dxc5 Nxc5 18. Nc3 Nfd7 19. Bf4 g5 20. Be3 Ne5 21. Nfe4 g4 22. f4 Nf3 23. Rxf3 gxf3+ 24. Kf1 f5 25. Nxc5 Bxc5 26. Bxc5 bxc5 27. a4 Rd7 28. Re1 Qc6 29. Qf2 Rad8 30. Qe3 Rd3 31. Qe5 Kf7 32. g4 f2 33. Re2 Qh1+ 34. Kxf2 Rf3# 0-1

[Event "3. Open Bohumin 2020"]
[Site "Bohumin"]
[Date "2020.07.23"]
[Round "6.17"]
[White "Czerw, Dawid"]
[Black "Polak, Radim"]
[Result "1-0"]
[ECO "D11"]
[WhiteElo "2287"]
[BlackElo "1810"]
[Annotator "RC"]
[PlyCount "91"]
[EventDate "2020.07.18"]
[EventType "swiss"]
[EventCountry "CZE"]
[SourceTitle "playchess.com"]
[Source "ChessBase"]
[SourceQuality "1"]
[TimeControl "40/5400+30:900+30"]

1. d4 d5 2. c4 c6 3. Nf3 Nf6 4. e3 e6 5. Bd3 Nbd7 6. O-O Bd6 7. Nc3 O-O 8. e4 dxe4 9. Nxe4 Nxe4 10. Bxe4 Nf6 11. Bc2 b6 12. Bg5 Be7 13. Qd3 g6 14. Ne5 Bb7 15. Qf3 Rc8 16. Ba4 Nd7 17. Bxe7 Qxe7 18. Nxc6 Bxc6 19. Bxc6 Qd6 20. Bxd7 Qxd7 21. Qc3 Rfd8 22. Rfd1 Rc6 23. Rd3 Rd6 24. Rad1 Qa4 25. h4 b5 26. b3 Qa6 27. h5 Qb7 28. hxg6 fxg6 29. c5 b4 30. Qe1 Rc6 31. Re3 Re8 32. Rc1 Qb5 33. Rc4 a5 34. Re5 Kg7 35. Qe3 a4 36. d5 axb3 37. axb3 Ra6 38. dxe6 Ra1+ 39. Kh2 Qb8 40. Rf4 Ra7 41. Qd4 Kg8 42. Qd6 Qc8 43. Rxb4 Ra6 44. Rb6 Ra2 45. Qd7 Rxf2 46. Rb7 1-0

[Event "3. Open Bohumin 2020"]
[Site "Bohumin"]
[Date "2020.07.23"]
[Round "6.18"]
[White "Obrochta, Lena"]
[Black "Valencik, Jozef"]
[Result "0-1"]
[ECO "B90"]
[WhiteElo "1761"]
[BlackElo "2089"]
[Annotator "ChessBase"]
[PlyCount "96"]
[EventDate "2020.07.18"]
[EventType "swiss"]
[EventCountry "CZE"]
[SourceTitle "playchess.com"]
[Source "ChessBase"]
[SourceQuality "1"]
[TimeControl "40/5400+30:900+30"]

1. e4 c5 2. Nf3 d6 3. d4 cxd4 4. Nxd4 Nf6 5. Nc3 a6 6. a4 Nc6 7. Be2 e5 8. Nb3 Be6 9. O-O Be7 10. Be3 O-O 11. f4 Rc8 12. Bf3 exf4 13. Bxf4 Ne5 14. Kh1 Qb6 15. a5 Qc7 16. Qd4 Rfd8 17. Rad1 Bxb3 18. cxb3 Qxa5 19. b4 Qc7 20. Bg5 Qc4 21. Qf2 Nd3 22. Qd2 Nxb2 23. Qxb2 Qxc3 24. Qxc3 Rxc3 25. e5 dxe5 26. Bxb7 Rxd1 27. Rxd1 Ng4 28. Rc1 Rxc1+ 29. Bxc1 Nf2+ 30. Kg1 Nd3 31. Bd2 Bxb4 32. Bxa6 Nc5 33. Bxb4 Nxa6 34. Bc3 f6 35. Kf2 Kf7 36. Ke3 Ke6 37. Ba5 f5 38. g3 Kd5 39. Bd8 Nb4 40. h4 Kc4 41. Ba5 Nd5+ 42. Ke2 Kd4 43. Bd2 Nc3+ 44. Kf3 Kd3 45. Be1 Nd5 46. Ba5 e4+ 47. Kf2 e3+ 48. Ke1 e2 0-1

[Event "3. Open Bohumin 2020"]
[Site "Bohumin"]
[Date "2020.07.23"]
[Round "6.20"]
[White "Neumann, Filip"]
[Black "Zurawicki, Jakub"]
[Result "1-0"]
[ECO "A45"]
[WhiteElo "2044"]
[BlackElo "1806"]
[Annotator "NA"]
[PlyCount "63"]
[EventDate "2020.07.18"]
[EventType "swiss"]
[EventCountry "CZE"]
[SourceTitle "playchess.com"]
[Source "ChessBase"]
[SourceQuality "1"]
[TimeControl "40/5400+30:900+30"]

1. d4 Nf6 2. Bf4 e6 3. e3 d5 4. Nf3 c5 5. c3 Nc6 6. Nbd2 cxd4 7. exd4 Bd6 8. Bg3 O-O 9. Bd3 Re8 10. O-O e5 {[%emt 0:00:58] B13: Caro-Kann: Exchange Variation and Panov-Botvinnik Attack.} 11. dxe5 Bxe5 12. Bxe5 Nxe5 13. Nxe5 Rxe5 14. Nf3 Bg4 15. Be2 Bxf3 16. Bxf3 {[%emt 0:00:12] [#]} Qb6 $146 ({Predecessor:} 16... Ne4 17. Qd4 Qe7 18. Rad1 b6 19. Bxe4 dxe4 20. Rfe1 Re8 21. Qd7 f5 22. Qxe7 R8xe7 {0-1 (36) Sarda,P (1474)-Cordioli,J (1889) Sao Bento do Sul 2019}) 17. Qb3 Qxb3 $14 18. axb3 Ne4 19. Rfe1 f5 20. g3 Ree8 21. Ra5 Nf6 22. Rxe8+ Rxe8 23. Bxd5+ Nxd5 24. Rxd5 g6 25. Rd7 Re2 26. Rxb7 Rxb2 27. c4 Ra2 28. c5 Rc2 29. b4 a5 30. bxa5 Rxc5 31. a6 Ra5 32. a7 1-0

[Event "3. Open Bohumin 2020"]
[Site "Bohumin"]
[Date "2020.07.24"]
[Round "7.2"]
[White "Molenda, Marcin"]
[Black "Pulpan, Jakub"]
[Result "1-0"]
[ECO "D41"]
[WhiteElo "2363"]
[BlackElo "2410"]
[Annotator "RC"]
[PlyCount "63"]
[EventDate "2020.07.18"]
[EventType "swiss"]
[EventCountry "CZE"]
[SourceTitle "playchess.com"]
[Source "ChessBase"]
[SourceQuality "1"]
[TimeControl "40/5400+30:900+30"]

1. d4 Nf6 2. c4 e6 3. Nf3 d5 4. Nc3 c5 5. cxd5 Nxd5 6. e4 Nxc3 7. bxc3 cxd4 8. cxd4 Bb4+ 9. Bd2 Bxd2+ 10. Qxd2 O-O 11. Bc4 Nd7 12. O-O b6 13. Rad1 Bb7 14. Rfe1 Rc8 15. Bb3 Re8 16. d5 exd5 17. exd5 Qf6 18. Ng5 h6 19. Ne4 Qg6 20. Qf4 Re5 21. Ba4 Bxd5 22. Bxd7 Rxe4 23. Rxe4 Bxe4 24. f3 Rc2 25. g4 Bd3 26. Rxd3 Qxd3 27. Qb8+ Kh7 28. Bf5+ Qxf5 29. gxf5 Rxa2 30. f6 Kg6 31. Qg3+ Kxf6 32. Qd6+ 1-0

[Event "3. Open Bohumin 2020"]
[Site "Bohumin"]
[Date "2020.07.24"]
[Round "7.4"]
[White "Kula, Dominik"]
[Black "Goluch, Piotr"]
[Result "0-1"]
[ECO "A05"]
[WhiteElo "2243"]
[BlackElo "2376"]
[Annotator "RC"]
[PlyCount "62"]
[EventDate "2020.07.18"]
[EventType "swiss"]
[EventCountry "CZE"]
[SourceTitle "playchess.com"]
[Source "ChessBase"]
[SourceQuality "1"]
[TimeControl "40/5400+30:900+30"]

1. Nf3 Nf6 2. b3 d5 3. Bb2 Bg4 4. Ne5 h5 5. g3 Nbd7 6. Bg2 e6 7. h3 Bf5 8. d3 Bd6 9. Nxd7 Qxd7 10. Nd2 h4 11. g4 Bg6 12. e4 dxe4 13. Nxe4 Nxe4 14. dxe4 Qc6 15. Qd3 O-O-O 16. Qc4 Qxc4 17. bxc4 Bb4+ 18. c3 Bc5 19. f3 Rd3 20. Rd1 Re3+ 21. Kf1 Rd8 22. Rd4 e5 23. Rd5 Rxd5 24. cxd5 f6 25. c4 Be8 26. Bc1 Rc3 27. Ke2 Rc2+ 28. Bd2 Bb4 29. Rd1 Ba4 30. a3 Ba5 31. Kd3 Ra2 0-1

[Event "3. Open Bohumin 2020"]
[Site "Bohumin"]
[Date "2020.07.24"]
[Round "7.8"]
[White "Kolar, Stanislav"]
[Black "Mrazek, Lumir"]
[Result "0-1"]
[ECO "A04"]
[WhiteElo "2024"]
[BlackElo "2327"]
[Annotator "RC"]
[PlyCount "72"]
[EventDate "2020.07.18"]
[EventType "swiss"]
[EventCountry "CZE"]
[SourceTitle "playchess.com"]
[Source "ChessBase"]
[SourceQuality "1"]
[TimeControl "40/5400+30:900+30"]

1. Nf3 c5 2. c4 g6 3. Nc3 Bg7 4. e3 Nf6 5. d4 O-O 6. d5 d6 7. e4 Na6 8. h3 Nc7 9. Be3 a6 10. a4 e5 11. Qd2 Bd7 12. Bd3 b5 13. b3 b4 14. Ne2 Nxe4 15. Bxe4 f5 16. Bg5 Qe8 17. Ng3 Qf7 18. Bh6 fxe4 19. Nxe4 Ne8 20. Be3 Bf5 21. Nfg5 Qe7 22. f3 Nf6 23. O-O-O Bxe4 24. Nxe4 Nxe4 25. fxe4 Qh4 26. Rde1 Rf7 27. Kb2 Raf8 28. Ka2 Bh6 29. Re2 Kg7 30. Rhe1 Bxe3 31. Qxe3 Rf2 32. Kb2 Rxe2+ 33. Rxe2 Qh6 34. Qxh6+ Kxh6 35. Kc2 Kg5 36. Kd2 Kh4 0-1

[Event "3. Open Bohumin 2020"]
[Site "Bohumin"]
[Date "2020.07.24"]
[Round "7.13"]
[White "Dobrovolsky, Ladislav"]
[Black "Neumann, Filip"]
[Result "1/2-1/2"]
[ECO "B10"]
[WhiteElo "2271"]
[BlackElo "2044"]
[Annotator "ChessBase"]
[PlyCount "172"]
[EventDate "2020.07.18"]
[EventType "swiss"]
[EventCountry "CZE"]
[SourceTitle "playchess.com"]
[Source "ChessBase"]
[SourceQuality "1"]
[TimeControl "40/5400+30:900+30"]

1. c4 c6 2. e4 d5 3. exd5 cxd5 4. cxd5 Nf6 5. Bb5+ Bd7 6. Bc4 Bf5 7. Nc3 Nbd7 8. Nf3 a6 9. a4 Nb6 10. Qb3 Nxc4 11. Qxc4 g6 12. O-O Bg7 13. d4 Rc8 14. Qb3 Qc7 15. Ne5 O-O 16. h3 Ne4 17. Be3 Nxc3 18. bxc3 Bxe5 19. dxe5 Qxc3 20. Qxb7 Qxe5 21. Rad1 Rfd8 22. Bb6 Qb2 23. a5 Qb5 24. Rfe1 Rb8 25. Qxe7 Rxd5 26. Qf6 Rxd1 27. Rxd1 Qe2 28. Rd8+ Rxd8 29. Qxd8+ Kg7 30. Bd4+ Kh6 31. Qh4+ Qh5 32. Qf4+ g5 33. Qxf5 Qd1+ 34. Kh2 Qxd4 35. Qxf7 Qe5+ 36. g3 Qd6 37. Qa7 Qd3 38. Qe3 Qf5 39. Qb6+ Kg7 40. Kg2 Qd5+ 41. Kg1 Qd1+ 42. Kh2 Qd3 43. Qc7+ Kg6 44. Qe5 Qf1 45. Qc5 h6 46. Qd6+ Kg7 47. Qe5+ Kg6 48. Qe4+ Kg7 49. Qd4+ Kg6 50. h4 gxh4 51. Qg4+ Kh7 52. Qf5+ Kg7 53. gxh4 Qe2 54. h5 Qd2 55. Kg2 Qd6 56. Kf3 Qc6+ 57. Ke2 Qc4+ 58. Kd2 Qd4+ 59. Ke2 Qc4+ 60. Ke3 Qc1+ 61. Kf3 Qc6+ 62. Kg3 Qc3+ 63. Kh4 Qc6 64. Qe5+ Kh7 65. Kg3 Kg8 66. Qb8+ Kh7 67. Qa7+ Kg8 68. Qb6 Qc3+ 69. Kg4 Qc4+ 70. Kh3 Qd3+ 71. Kh2 Kg7 72. Qe6 Kh7 73. Qe7+ Kh8 74. Qe5+ Kh7 75. Kg2 Qd7 76. Kg3 Qc6 77. f3 Kg8 78. Kg4 Qc4+ 79. Kf5 Qf7+ 80. Kg4 Qc4+ 81. f4 Qc6 82. Kf5 Kf7 83. Qe4 Qd7+ 84. Ke5 Qe7+ 85. Kd4 Qb4+ 86. Ke3 Qe1+ 1/2-1/2

[Event "3. Open Bohumin 2020"]
[Site "Bohumin"]
[Date "2020.07.24"]
[Round "7.16"]
[White "Panek, Bartosz"]
[Black "Starosta, Martyna"]
[Result "1-0"]
[ECO "A05"]
[WhiteElo "1988"]
[BlackElo "2079"]
[Annotator "ChessBase"]
[PlyCount "113"]
[EventDate "2020.07.18"]
[EventType "swiss"]
[EventCountry "CZE"]
[SourceTitle "playchess.com"]
[Source "ChessBase"]
[SourceQuality "1"]
[TimeControl "40/5400+30:900+30"]

1. Nf3 Nf6 2. b3 g6 3. Bb2 Bg7 4. d4 c5 5. e3 O-O 6. dxc5 Qa5+ 7. c3 Nc6 8. b4 Qc7 9. Be2 a5 10. a3 h5 11. O-O Ng4 12. h3 Nh6 13. Qb3 b6 14. cxb6 Qxb6 15. Nbd2 a4 16. Qc2 Bb7 17. c4 Bxb2 18. Qxb2 Nf5 19. Bd3 Ng7 20. c5 Qc7 21. Nc4 Nd8 22. Qe5 Nde6 23. Qxc7 Nxc7 24. Nd4 Rfd8 25. Nb6 Ra7 26. Rfc1 e5 27. Nb5 Nxb5 28. Bxb5 Bc6 29. Bxc6 dxc6 30. Rd1 Re8 31. Rd6 Re6 32. Rad1 Kf8 33. Rxe6 Nxe6 34. Nd7+ Ke7 35. Nxe5 Rc7 36. Rd6 Nd8 37. Kf1 Ke8 38. Kg1 Ke7 39. Kh2 Ke8 40. Kg3 Ke7 41. Kh4 Ke8 42. g4 hxg4 43. Kxg4 Ke7 44. h4 Ke8 45. f4 Rc8 46. f5 gxf5+ 47. Kxf5 Kf8 48. Kf6 Kg8 49. h5 Kf8 50. h6 Kg8 51. e4 Kh7 52. Nxf7 Nxf7 53. Kxf7 Rg8 54. e5 Rg3 55. e6 Rf3+ 56. Ke7 Rxa3 57. Kd7 1-0

[Event "3. Open Bohumin 2020"]
[Site "Bohumin"]
[Date "2020.07.24"]
[Round "7.19"]
[White "Cempel, Jaroslav"]
[Black "Stehlik, Jiri"]
[Result "0-1"]
[ECO "B12"]
[WhiteElo "2049"]
[BlackElo "1855"]
[Annotator "NA"]
[PlyCount "65"]
[EventDate "2020.07.18"]
[EventType "swiss"]
[EventCountry "CZE"]
[SourceTitle "playchess.com"]
[Source "ChessBase"]
[SourceQuality "1"]
[TimeControl "40/5400+30:900+30"]

1. e4 c6 2. d4 g6 3. h4 h5 4. c4 d6 {[%emt 0:01:18] [#]} 5. f4 $146 ({Predecessor:} 5. d5 Bg7 6. Nc3 Bxc3+ 7. bxc3 Nf6 8. f3 Qa5 9. Ne2 Nbd7 10. Bd2 Nb6 11. Nd4 {1-0 (39) Sulskis,S (2582)-Dumitrache,D (2493) Cappelle-la-Grande 2004}) 5... Nf6 6. Nc3 {[%emt 0:00:15] B06: Modern Defence.} Bg7 7. Nf3 a6 8. a4 a5 9. Bd3 Na6 10. Qe2 Ng4 11. e5 Nc7 12. Bd2 Bf5 13. Bxf5 gxf5 14. O-O-O d5 15. Qd3 Nf2 16. Qxf5 e6 17. Qc2 Qd7 18. c5 Kd8 19. Rhf1 Nxd1 20. Nxd1 Ne8 21. f5 exf5 $18 22. Bg5+ Kc8 23. Bf6 Bh6+ 24. Kb1 Rg8 25. Ng5 Nxf6 26. exf6 Bxg5 27. hxg5 Rxg5 28. Ne3 Kc7 29. Nxf5 Rxf5 30. Qxf5 Qxf5+ 31. Rxf5 Kd7 32. Re5 Re8 33. Rxh5 0-1

[Event "3. Open Bohumin 2020"]
[Site "Bohumin"]
[Date "2020.07.25"]
[Round "8.8"]
[White "Galuszka, Tomasz"]
[Black "Weinzettl, Ernst"]
[Result "0-1"]
[ECO "C07"]
[WhiteElo "2255"]
[BlackElo "2166"]
[Annotator "RC"]
[PlyCount "50"]
[EventDate "2020.07.18"]
[EventType "swiss"]
[EventCountry "CZE"]
[SourceTitle "playchess.com"]
[Source "ChessBase"]
[SourceQuality "1"]
[TimeControl "40/5400+30:900+30"]

1. e4 e6 2. d4 d5 3. Nd2 c5 4. exd5 Qxd5 5. Ngf3 cxd4 6. Bc4 Qd7 7. Qe2 a6 8. Nb3 Nc6 9. Bd2 Nf6 10. O-O-O b5 11. Bd3 Bb7 12. Kb1 Be7 13. Rhg1 Rd8 14. g4 Qc7 15. g5 Nd5 16. Rg4 Ncb4 17. h4 Nxd3 18. Qxd3 Nc3+ 19. bxc3 dxc3 20. Nfd4 cxd2 21. g6 hxg6 22. Rxg6 Qf4 23. Rxg7 Bf6 24. Rg3 Bxd4 25. Rdg1 Bg7 0-1

[Event "3. Open Bohumin 2020"]
[Site "Bohumin"]
[Date "2020.07.25"]
[Round "8.13"]
[White "Nytra, Ondrej"]
[Black "Posluszny, Tomasz"]
[Result "0-1"]
[ECO "B92"]
[WhiteElo "2150"]
[BlackElo "1977"]
[Annotator "RC"]
[PlyCount "66"]
[EventDate "2020.07.18"]
[EventType "swiss"]
[EventCountry "CZE"]
[SourceTitle "playchess.com"]
[Source "ChessBase"]
[SourceQuality "1"]
[TimeControl "40/5400+30:900+30"]

1. e4 c5 2. Nf3 d6 3. d4 cxd4 4. Nxd4 Nf6 5. Nc3 a6 6. Be2 e5 7. Nb3 Be7 8. O-O O-O 9. Kh1 Nc6 10. Be3 Be6 11. f4 exf4 12. Bxf4 Ne5 13. Nd4 Re8 14. Nxe6 fxe6 15. Bxe5 dxe5 16. Bc4 Bb4 17. Qe2 Bxc3 18. bxc3 Rc8 19. Rf3 Qc7 20. Bb3 Qc6 21. Re3 Rf8 22. h3 Nd7 23. Qh5 Rf6 24. Rd1 Rcf8 25. Kh2 Qb6 26. Rg3 Qc6 27. Rg4 Rf4 28. Rg5 Kh8 29. Rd3 Nf6 30. Qd1 Nxe4 31. Rxe5 Qc7 32. Rxe4 Rf1+ 33. g3 R8f2# 0-1